NWL (28 & UNDER)
RED DEER WRANGLERS @ BISMARCK BARONS
05/05/2023
 
TOP OF THE 1ST
Red Deer Wranglers batting - Pitching for Bismarck Barons : RHP Joe Wise
Pitching: RHP Joe Wise
Batting: LHB Enrico Vargas 0-0: Ball
1-0: Foul Ball, location: 2F
1-1: Ball
2-1: Swinging Strike
2-2: Strikes out swinging
Batting: SHB José López 0-0: Swinging Strike
0-1: Swinging Strike
0-2: Ground out 4-3 (Groundball, 4)
Batting: RHB Mike Wilcox 0-0: Ball
1-0: Foul Ball, location: 2F
1-1: Called Strike
1-2: Ground out 4-3 (Groundball, 4)
Top of the 1st over - 0 run(s), 0 hit(s), 0 error(s), 0 left on base; Red Deer 0 - Bismarck 0
BOTTOM OF THE 1ST
Bismarck Barons batting - Pitching for Red Deer Wranglers : RHP William Bryant
Pitching: RHP William Bryant
Batting: SHB Chris Griffith 0-0: Foul Ball, location: 2F
0-1: Ball
1-1: Ball
2-1: Ball
3-1: Swinging Strike
3-2: Base on Balls
Batting: RHB Ed Terry 0-0: DOUBLE (Line Drive, 78M)
Chris Griffith to third
Batting: RHB Dale Findley 0-0: Ground out 6-3 (Groundball, 6)
Chris Griffith scores
Batting: RHB Jorge Espinosa 0-0: Called Strike
0-1: Called Strike
0-2: Ball
1-2: Ground out 6-3 (Groundball, 6)
Batting: RHB Domingo Ávila 0-0: Ball
1-0: Ball
2-0: Ground out 3-1 (Groundball, 34)
Bottom of the 1st over - 1 run(s), 1 hit(s), 0 error(s), 1 left on base; Red Deer 0 - Bismarck 1
TOP OF THE 2ND
Red Deer Wranglers batting - Pitching for Bismarck Barons : RHP Joe Wise
Batting: RHB Orlando Núñes 0-0: Ball
1-0: Ball
2-0: Ball
3-0: Called Strike
3-1: Base on Balls
Batting: RHB Mario Sánchez 0-0: Ball
1-0: Ball
Orlando Núñes steals 2nd base
2-0: Called Strike
2-1: Swinging Strike
2-2: Ball
3-2: Ground out 4-3 (Groundball, 4M)
Orlando Núñes to third
Batting: LHB Ron Mayes 0-0: Called Strike
0-1: Ball
1-1: Ground out 4-3 (Groundball, 4)
Orlando Núñes scores
Batting: RHB Todd Bryant 0-0: Ball
1-0: Ball
2-0: Called Strike
2-1: Foul Ball, location: 2F
2-2: Ball
3-2: Foul Ball, location: 2F
3-2: Foul Ball, location: 2F
3-2: Fly out, F4 (Popup, 4D)
Top of the 2nd over - 1 run(s), 0 hit(s), 0 error(s), 0 left on base; Red Deer 1 - Bismarck 1
BOTTOM OF THE 2ND
Bismarck Barons batting - Pitching for Red Deer Wranglers : RHP William Bryant
Batting: RHB Kiyomitsu Shinoda 0-0: Ball
1-0: Ball
2-0: Foul Ball, location: 2F
2-1: Ball
3-1: Base on Balls
Batting: RHB Steve Brown 0-0: Called Strike
0-1: Ball
1-1: Ball
2-1: Ball
3-1: Base on Balls
Kiyomitsu Shinoda to second
Batting: SHB Dave Lee 0-0: Called Strike
0-1: Ball
1-1: Ball
2-1: Ball
3-1: Swinging Strike
3-2: Foul Ball, location: 2F
3-2: Base on Balls
Kiyomitsu Shinoda to third
Steve Brown to second
Batting: LHB Jorge Martínez 0-0: Ball
1-0: SINGLE (Line Drive, 8LS)
Kiyomitsu Shinoda scores
Steve Brown to third
Dave Lee to second
Batting: SHB Chris Griffith 0-0: Called Strike
0-1: Foul Ball, location: 2F
0-2: Ball
1-2: Ground out 5-3 (Groundball, 5S)
Steve Brown scores
Dave Lee to third
Jorge Martínez to second
Batting: RHB Ed Terry 0-0: Ground out 3-1 (Groundball, 34)
Dave Lee scores
Jorge Martínez to third
Batting: RHB Dale Findley 0-0: Foul Ball, location: 2F
0-1: Called Strike
0-2: Ball
1-2: Foul Ball, location: 2F
1-2: Strikes out swinging
Bottom of the 2nd over - 3 run(s), 1 hit(s), 0 error(s), 1 left on base; Red Deer 1 - Bismarck 4
TOP OF THE 3RD
Red Deer Wranglers batting - Pitching for Bismarck Barons : RHP Joe Wise
Batting: RHB John McDonald 0-0: Ball
1-0: Called Strike
1-1: SINGLE (Line Drive, 89M)
Batting: RHB Carlos Peña 0-0: SINGLE (Groundball, 56D)
John McDonald to second
Batting: LHB Enrico Vargas 0-0: Ball
1-0: Ball
2-0: Ball
3-0: Foul Ball, location: 2F
3-1: Base on Balls
John McDonald to third
Carlos Peña to second
Batting: SHB José López 0-0: Ball
1-0: Swinging Strike
1-1: Swinging Strike
1-2: Strikes out swinging
Batting: RHB Mike Wilcox 0-0: Ball
1-0: Ball
2-0: Called Strike
2-1: Swinging Strike
2-2: Hit by Pitch
John McDonald scores
Carlos Peña to third
Enrico Vargas to second
Batting: RHB Orlando Núñes 0-0: Ball
1-0: Called Strike
1-1: Ball
2-1: Fly out, F9 (Flyball, 89M)
Runner from 3rd tags up, SCORES, throw made
Batting: RHB Mario Sánchez 0-0: Ball
1-0: Foul Ball, location: 2F
1-1: Foul Ball, location: 2F
1-2: Strikes out looking
Top of the 3rd over - 2 run(s), 2 hit(s), 0 error(s), 2 left on base; Red Deer 3 - Bismarck 4
BOTTOM OF THE 3RD
Bismarck Barons batting - Pitching for Red Deer Wranglers : RHP William Bryant
Batting: RHB Jorge Espinosa 0-0: Called Strike
0-1: SINGLE (Groundball, 34)
Batting: RHB Domingo Ávila 0-0: Ball
1-0: Ball
Jorge Espinosa is caught stealing 2nd base
2-0: Called Strike
2-1: Foul Ball, location: 2F
2-2: Strikes out swinging
Batting: RHB Kiyomitsu Shinoda 0-0: Ground out 1-3 (Groundball, 2L)
Bottom of the 3rd over - 0 run(s), 1 hit(s), 0 error(s), 0 left on base; Red Deer 3 - Bismarck 4
TOP OF THE 4TH
Red Deer Wranglers batting - Pitching for Bismarck Barons : RHP Joe Wise
Batting: LHB Ron Mayes 0-0: Called Strike
0-1: Ball
1-1: Called Strike
1-2: SOLO HOME RUN (Flyball, 89XD), Distance : 378 ft
Batting: RHB Todd Bryant 0-0: Fly out, F4 (Popup, 34D)
Batting: RHB John McDonald 0-0: Fly out, F7 (Line Drive, 7M)
Batting: RHB Carlos Peña 0-0: Ball
1-0: Swinging Strike
1-1: Called Strike
1-2: Strikes out swinging
Top of the 4th over - 1 run(s), 1 hit(s), 0 error(s), 0 left on base; Red Deer 4 - Bismarck 4
BOTTOM OF THE 4TH
Bismarck Barons batting - Pitching for Red Deer Wranglers : RHP William Bryant
Batting: RHB Steve Brown 0-0: Called Strike
0-1: Foul Ball, location: 2F
0-2: Foul Ball, location: 2F
0-2: Ball
1-2: Foul Ball, location: 2F
1-2: Ground out U3 (Groundball, 3S)
Batting: SHB Dave Lee 0-0: Ball
1-0: Fly out, F6 (Line Drive, 6)
Batting: LHB Jorge Martínez 0-0: Called Strike
0-1: Ground out U3 (Groundball, 3L)
Bottom of the 4th over - 0 run(s), 0 hit(s), 0 error(s), 0 left on base; Red Deer 4 - Bismarck 4
TOP OF THE 5TH
Red Deer Wranglers batting - Pitching for Bismarck Barons : RHP Joe Wise
Batting: LHB Enrico Vargas 0-0: Swinging Strike
0-1: Foul Ball, location: 2F
0-2: Ball
1-2: Ball
2-2: Fly out, F4 (Popup, 9LS)
Batting: SHB José López 0-0: Foul Ball, location: 2F
0-1: Foul Ball, location: 2F
0-2: SOLO HOME RUN (Flyball, 9D), Distance : 369 ft
Pitching: RHP Tomás Olvera
Batting: RHB Mike Wilcox 0-0: Ball
1-0: Called Strike
1-1: Foul Ball, location: 2F
1-2: Ball
2-2: Strikes out swinging
Batting: RHB Orlando Núñes 0-0: Called Strike
0-1: Ball
1-1: Ground out 6-3 (Groundball, 6)
Top of the 5th over - 1 run(s), 1 hit(s), 0 error(s), 0 left on base; Red Deer 5 - Bismarck 4
BOTTOM OF THE 5TH
Bismarck Barons batting - Pitching for Red Deer Wranglers : RHP William Bryant
Batting: SHB Chris Griffith 0-0: Fly out, F9 (Flyball, 89M)
Batting: RHB Ed Terry 0-0: Called Strike
0-1: Ball
1-1: Ball
2-1: Fly out, F8 (Flyball, 8RM)
Batting: RHB Dale Findley 0-0: Foul Ball, location: 2F
0-1: Ball
1-1: Swinging Strike
1-2: Foul Ball, location: 2F
1-2: Ball
2-2: Ball
3-2: Foul Ball, location: 2F
3-2: Base on Balls
Batting: RHB Jorge Espinosa 0-0: Ball
1-0: Ball
2-0: Called Strike
2-1: Called Strike
2-2: Fly out, F3 (Popup, 3F)
Bottom of the 5th over - 0 run(s), 0 hit(s), 0 error(s), 1 left on base; Red Deer 5 - Bismarck 4
TOP OF THE 6TH
Red Deer Wranglers batting - Pitching for Bismarck Barons : RHP Tomás Olvera
Batting: RHB Mario Sánchez 0-0: Ground out 4-3 (Groundball, 4M)
Batting: LHB Ron Mayes 0-0: Ball
1-0: Called Strike
1-1: Ball
2-1: Foul Ball, location: 2F
2-2: Strikes out looking
Batting: RHB Todd Bryant 0-0: Swinging Strike
0-1: Foul Ball, location: 2F
0-2: Strikes out looking
Top of the 6th over - 0 run(s), 0 hit(s), 0 error(s), 0 left on base; Red Deer 5 - Bismarck 4
BOTTOM OF THE 6TH
Bismarck Barons batting - Pitching for Red Deer Wranglers : RHP William Bryant
Batting: RHB Domingo Ávila 0-0: Called Strike
0-1: Foul Ball, location: 2F
0-2: Ground out 6-3 (Groundball, 6M)
Batting: RHB Kiyomitsu Shinoda 0-0: Ball
1-0: Ball
2-0: Swinging Strike
2-1: Foul Ball, location: 2F
2-2: Ball
3-2: Base on Balls
Batting: RHB Steve Brown 0-0: Called Strike
0-1: Ball
1-1: SINGLE (Line Drive, 56D)
Kiyomitsu Shinoda to second
Batting: SHB Dave Lee 0-0: Called Strike
0-1: Swinging Strike
0-2: Ball
1-2: Foul Ball, location: 2F
1-2: Grounds into double play, 4-6-3 (Groundball, 4)
Bottom of the 6th over - 0 run(s), 1 hit(s), 0 error(s), 1 left on base; Red Deer 5 - Bismarck 4
TOP OF THE 7TH
Red Deer Wranglers batting - Pitching for Bismarck Barons : RHP Tomás Olvera
Batting: RHB John McDonald 0-0: Ball
1-0: Foul Ball, location: 2F
1-1: Ground out 6-3 (Groundball, 6S)
Pitching: RHP Pedro Lara
Batting: RHB Carlos Peña 0-0: Ball
1-0: Called Strike
1-1: Called Strike
1-2: Ball
2-2: Strikes out looking
Batting: LHB Enrico Vargas 0-0: Called Strike
0-1: Ball
1-1: Swinging Strike
1-2: Ball
2-2: Ball
3-2: Base on Balls
Batting: SHB José López 0-0: Called Strike
0-1: Ball
1-1: Ball
2-1: Foul Ball, location: 2F
2-2: Ball
Wild Pitch!
Enrico Vargas to second
3-2: Foul Ball, location: 2F
3-2: Strikes out swinging
Top of the 7th over - 0 run(s), 0 hit(s), 0 error(s), 1 left on base; Red Deer 5 - Bismarck 4
BOTTOM OF THE 7TH
Bismarck Barons batting - Pitching for Red Deer Wranglers : RHP William Bryant
Pitching: RHP Russell Cooper
Batting: LHB Jorge Martínez 0-0: Ball
1-0: SINGLE (Line Drive, 78S)
Batting: SHB Chris Griffith 0-0: Bunted foul
0-1: Bunted foul
0-2: Grounds into double play, U6-3 (Groundball, 6M)
Batting: RHB Ed Terry 0-0: Ball
1-0: Ball
2-0: Ball
3-0: Base on Balls
Batting: RHB Dale Findley 0-0: Ball
1-0: Ball
2-0: Ball
3-0: Called Strike
3-1: Called Strike
3-2: Base on Balls
Ed Terry to second
Batting: RHB Jorge Espinosa 0-0: Called Strike
0-1: Ball
1-1: Ball
2-1: Called Strike
2-2: Fly out, F6 (Popup, 6D)
Bottom of the 7th over - 0 run(s), 1 hit(s), 0 error(s), 2 left on base; Red Deer 5 - Bismarck 4
TOP OF THE 8TH
Red Deer Wranglers batting - Pitching for Bismarck Barons : RHP Pedro Lara
Batting: RHB Mike Wilcox 0-0: Ball
1-0: Ball
2-0: Foul Ball, location: 2F
2-1: Swinging Strike
2-2: Strikes out looking
Batting: RHB Orlando Núñes 0-0: Ball
1-0: Called Strike
1-1: Swinging Strike
1-2: Ball
2-2: Strikes out swinging
Batting: RHB Mario Sánchez 0-0: Foul Ball, location: 2F
0-1: Ball
1-1: Called Strike
1-2: Ball
2-2: Foul Ball, location: 2F
2-2: Ball
3-2: Base on Balls
Pitching: LHP Ramón Santos
Pinch Hitting: RHB Derek Carr 0-0: Ball
1-0: Called Strike
Mario Sánchez steals 2nd base
1-1: Foul Ball, location: 2F
1-2: Ball
2-2: SINGLE (Groundball, 6M)
Mario Sánchez to third
Runner from 3rd tries for Home, SAFE, no throw or cutoff
Batting: RHB Todd Bryant 0-0: Foul Ball, location: 2F
0-1: Ball
1-1: Foul Ball, location: 2F
1-2: Ground out 6-3 (Groundball, 6)
Top of the 8th over - 1 run(s), 1 hit(s), 0 error(s), 1 left on base; Red Deer 6 - Bismarck 4
BOTTOM OF THE 8TH
Bismarck Barons batting - Pitching for Red Deer Wranglers : RHP Russell Cooper
Now in LF: Derek Carr
Batting: RHB Domingo Ávila 0-0: Called Strike
0-1: Ball
1-1: Ball
2-1: Ball
3-1: Base on Balls
Pitching: RHP Paul Barton
Batting: RHB Kiyomitsu Shinoda 0-0: Fly out, F8 (Flyball, 78XD)
Batting: RHB Steve Brown 0-0: Ball
1-0: Called Strike
1-1: Ball
2-1: Swinging Strike
2-2: SINGLE (Line Drive, 8LS)
Domingo Ávila to second
Pinch Hitting: LHB Matt Smith 0-0: Fly out, F8 (Line Drive, 8LD)
Runner from 2nd tags up, SAFE at 3rd, no throw
Batting: LHB Jorge Martínez 0-0: Foul Ball, location: 2F
0-1: Swinging Strike
0-2: Foul Ball, location: 2F
0-2: Ball
1-2: Ball
2-2: Foul Ball, location: 2F
2-2: Ground out 4-3 (Groundball, 34)
Bottom of the 8th over - 0 run(s), 1 hit(s), 0 error(s), 2 left on base; Red Deer 6 - Bismarck 4
TOP OF THE 9TH
Red Deer Wranglers batting - Pitching for Bismarck Barons : LHP Ramón Santos
Now at 3B: Matt Smith
Batting: RHB John McDonald 0-0: Ball
1-0: SINGLE (Flyball, 89S)
Batting: RHB Carlos Peña 0-0: Ball
1-0: Sac Bunt - play at first, batter OUT! 1-4
John McDonald to second
Batting: LHB Enrico Vargas 0-0: Ball
John McDonald steals 3rd base
1-0: Ball
2-0: Called Strike
Steal of home, John McDonald is out
2-1: Ball
3-1: Fly out, F9 (Flyball, 89M)
Top of the 9th over - 0 run(s), 1 hit(s), 0 error(s), 0 left on base; Red Deer 6 - Bismarck 4
BOTTOM OF THE 9TH
Bismarck Barons batting - Pitching for Red Deer Wranglers : RHP Paul Barton
Pitching: RHP Tatsuzo Harada
Batting: SHB Chris Griffith 0-0: Ball
1-0: Foul Ball, location: 2F
1-1: Ball
2-1: Foul Ball, location: 2F
2-2: Strikes out swinging
Batting: RHB Ed Terry 0-0: Ball
1-0: SINGLE (Line Drive, 7LS)
Batting: RHB Dale Findley 0-0: Ball
1-0: Ball
2-0: Swinging Strike
2-1: Fly out, F1 (Popup, 13S)
Batting: RHB Jorge Espinosa 0-0: Foul Ball, location: 2F
0-1: Fly out, F7 (Line Drive, 7D)
Bottom of the 9th over - 0 run(s), 1 hit(s), 0 error(s), 1 left on base; Red Deer 6 - Bismarck 4
This league is powered by Out of the Park Baseball, the baseball management simulation game for PC, Mac and Linux
Wednesday, December 2nd, 2015 - OOTP Baseball 16.8 Build 38